Map: Ley Lines

Players

HeroMarine - Winner!

  • Race: Terran Terran
  • Spawn Location: 7:00

Classic

  • Race: Protoss Protoss
  • Spawn Location: 1:00

VOD

Have the link to the VOD?

Description

Time

  • Played on: Aug. 15, 2025, 7:15 a.m.
  • Length: 7:56
Show
View Real Time Build Order
Export as new Build Order

HeroMarine Terran - Winner!

Build Orders:  

Get SALT Encoding   

  12  0:00  SCV  
  13  0:12  SCV  
  14  0:16  Supply Depot  
  14  0:24  SCV  
  15  0:38  SCV  
  15  0:40  Barracks  
  16  0:43  Refinery  
  16  0:50  SCV  
  16  0:55  Refinery  
  17  1:02  SCV  
  18  1:14  SCV  
  19  1:27  Orbital Command, Reaper  
  20  1:41  Factory  
  20  1:47  Supply Depot  
  20  1:52  SCV  
  21  1:59  Reaper  
  22  2:05  SCV  
  23  2:15  Command Center  
  23  2:18  SCV  
  24  2:25  Hellion  
  26  2:30  SCV  
  26  2:35  Marine  
  27  2:39  Starport  
  27  2:45  SCV  
  27  2:46  Hellion  
  27  2:51  Supply Depot  
  30  2:54  Barracks Reactor  
  30  2:57  SCV  
  31  3:12  SCV  
  31  3:13  Factory Tech Lab  
  31  3:17  Medivac  
  33  3:24  SCV  
  34  3:32  Marine x2, Cyclone  
  39  3:34  Orbital Command  
  39  3:36  SCV  
  40  3:48  Starport Reactor, SCV  
  40  3:50  Marine x2  
  43  3:58  Barracks  
  43  4:00  SCV  
  43  4:01  SCV  
  45  4:09  Marine x2  
  47  4:12  SCV  
  47  4:13  SCV  
  47  4:14  Factory Tech Lab  
  47  4:16  Raven, Supply Depot  
  51  4:24  Barracks  
  51  4:25  SCV x2  
  53  4:37  Marine x2, Siege Tank, SCV x2  
  60  4:40  Supply Depot  
  60  4:49  Engineering Bay, Refinery, SCV x2  
  62  4:56  Stimpack  
  62  5:00  Supply Depot  
  62  5:02  Marine x2, Marauder  
  62  5:03  SCV x2  
  68  5:15  SCV x2  
  68  5:16  Supply Depot  
  68  5:19  Terran Infantry Weapons Level 1  
  70  5:22  Marauder  
  70  5:23  Refinery  
  70  5:24  Marauder  
  70  5:27  Factory Reactor, SCV x2  
  76  5:28  Starport Reactor  
  76  5:31  Supply Depot  
  76  5:32  Marine x2  
  78  5:39  Combat Shield, SCV x2  
  80  5:47  Marauder x2  
  84  5:51  SCV x2  
  84  5:53  Marine x2  
  84  5:55  Supply Depot  
  88  6:01  Supply Depot  
  88  6:08  Marauder x2, Supply Depot  
  88  6:09  Widow Mine  
  94  6:12  Marine  
  94  6:15  SCV  
  94  6:17  SCV  
  93  6:24  Marine  
  93  6:27  Medivac x2  
  93  6:29  Marauder  
  93  6:30  Marine, Marauder  
  101  6:36  Concussive Shells  
  101  6:37  Supply Depot  
  101  6:39  Widow Mine  
  104  6:40  Widow Mine  
  104  6:52  Marauder x2  
  108  6:55  Marine x2  
  109  7:04  SCV x2  
  109  7:05  Medivac x2, Widow Mine x2  
  112  7:13  Marauder x2  
  98  7:25  Command Center  
  98  7:26  Widow Mine  
  98  7:27  Widow Mine  
  100  7:30  Barracks  
  100  7:31  Barracks  
  100  7:34  Marauder  
  100  7:35  Marauder  
  100  7:36  Marine x2  
Show
View Real Time Build Order
Export as new Build Order

Classic Protoss 

Build Orders: 1 Gate Expand, Blink Stalkers 

Get SALT Encoding   

  12  0:00  Probe  
  13  0:12  Probe  
  14  0:17  Pylon  
  14  0:24  Probe  
  15  0:33  Probe  
  15  0:35  Gateway  
  15  0:41  Probe  
  16  0:46  Assimilator  
  17  0:51  Probe  
  18  1:03  Probe  
  19  1:15  Probe  
  20  1:23  Cybernetics Core  
  20  1:33  Nexus  
  20  1:40  Pylon  
  20  1:44  Probe  
  21  1:49  Adept  
  21  1:51  Assimilator  
  21  1:56  Probe  
  21  2:01  Warp Gate  
  25  2:08  Probe  
  25  2:19  Sentry  
  25  2:20  Probe  
  28  2:32  Probe  
  29  2:41  Twilight Council  
  29  2:43  Gateway, Probe x2  
  29  2:45  Stalker  
  33  2:51  Probe x2  
  35  3:00  Probe x2  
  35  3:05  Blink  
  37  3:12  Stalker, Probe x2  
  39  3:26  Probe x2  
  41  3:28  Pylon  
  41  3:37  Gateway  
  41  3:38  Probe x2  
  43  3:47  Assimilator  
  43  3:49  Robotics Facility  
  43  3:50  Probe x2  
  45  3:56  Stalker  
  45  4:02  Stalker  
  49  4:07  Probe x2  
  51  4:11  Pylon  
  51  4:19  Probe x2  
  51  4:31  Probe x2  
  51  4:39  Nexus  
  51  4:43  Probe x2  
  53  4:49  Observer, Pylon  
  54  4:56  Stalker x3  
  60  5:02  Shield Battery  
  60  5:06  Charge, Pylon  
  60  5:08  Pylon  
  60  5:12  Probe x2  
  60  5:14  Observer  
  63  5:24  Probe x2  
  63  5:25  Forge  
  63  5:27  Stalker  
  67  5:32  Gateway  
  67  5:35  Gateway  
  67  5:38  Probe x2  
  67  5:42  Stalker  
  71  5:49  Probe x2  
  68  5:51  Stalker  
  68  5:54  Probe  
  72  5:57  Probe x2  
  72  6:02  Probe  
  75  6:05  Templar Archives  
  75  6:07  Probe x2  
  77  6:13  Probe  
  75  6:19  Probe x2  
  75  6:23  Immortal  
  75  6:25  Probe  
  76  6:28  Gateway  
  76  6:31  Probe x2  
  78  6:37  Probe  
  83  6:40  Zealot x4  
  91  6:47  Zealot  
  91  6:51  Pylon  
  91  6:52  Gateway  
  91  6:54  Pylon  
  91  7:06  Zealot x4  
  93  7:09  Zealot  
  85  7:17  Immortal  
  75  7:24  Zealot  
  75  7:28  Zealot x4  
  83  7:30  Zealot  
  77  7:38  Gateway  
  77  7:44  Zealot  
  77  7:46  Zealot  
  77  7:48  Zealot x4  
  77  7:50  Zealot  
Tags
 
Add a new tag
Caveats
  • Supply blocks, unpowered buildings, or Contaminate may cause inaccurate times.
  • Supply counts are checked every 10 seconds.